 Dungeon Crawl Stone Soup version 0.22-a0-322-g60b3cfd (webtiles) character file.

394 Amnesiac the Zephyrmancer (level 6, -8/32 HPs)
             Began as a Tengu Air Elementalist on Apr 2, 2018.
             Was a Follower of Sif Muna.
             Mangled by an ice beast (14 damage)
             ... on level 5 of the Dungeon.
             The game lasted 00:05:48 (3839 turns).

Amnesiac the Zephyrmancer (Tengu Air Elementalist)  Turns: 3839, Time: 00:05:49

Health: -8/32      AC:  2    Str:  8    XL:     6   Next: 82%
Magic:  6/13       EV: 15    Int: 18    God:    Sif Muna [*.....]
Gold:   261        SH:  0    Dex: 14    Spells: 6/13 levels left

rFire    + . .     SeeInvis .   (no weapon)
rCold    . . .     Gourm    .   (no shield)
rNeg     . . .     Faith    .   a - +0 robe
rPois    .         Spirit   .   (helmet restricted)
rElec    .         Reflect  .   (no cloak)
rCorr    .         Harm     .   (no gloves)
MR       .....                  (boots unavailable)
Stlth    ++........             (no amulet)
HPRegen  0.10/turn              v - ring of protection from fire
MPRegen  0.13/turn              (no ring)

@: flying quickly and evasively, divine energy, quick
A: beak, talons 3, able to fly 1
a: Stop Divine Energy, Renounce Religion


You were on level 5 of the Dungeon.
You worshipped Sif Muna.
Sif Muna was aware of your devotion.
You were not hungry.

You visited 1 branch of the dungeon, and saw 5 of its levels.

You collected 261 gold pieces.

Inventory:

Armour
 a - a +0 robe (worn)
Jewellery
 v - a ring of protection from fire (left hand)
Wands
 l - a wand of iceblast (11)
 u - a wand of flame (29)
 w - a wand of disintegration (15)
Scrolls
 b - a scroll of remove curse {!r, unknown}
 d - 2 scrolls of blinking {!r, unknown}
 e - 2 scrolls of teleportation {!r, unknown}
 h - 4 scrolls of identify {!r, unknown}
 i - a scroll of random uselessness {!r, unknown}
 k - 2 scrolls of enchant weapon {!r, unknown}
 m - a scroll of fog {!r, unknown}
 t - a scroll of magic mapping {!r, unknown}
 x - a scroll of fear {!r, unknown}
Potions
 f - 2 potions of flight {!q, unknown}
 g - a potion of ambrosia {!q, unknown}
 j - 3 potions of haste {!q, unknown}
 n - 4 potions of curing {!q, unknown}
 o - a potion of lignification {!q, unknown}
 p - a potion of resistance {!q, unknown}
 q - a potion of heal wounds {!q, unknown}
 r - a potion of cancellation {!q, unknown}
 s - a potion of brilliance {!q, unknown}
Comestibles
 c - 9 rations


   Skills:
 - Level 2.1 Dodging
 - Level 2.0 Stealth
 + Level 4.0 Spellcasting
 - Level 1.3 Conjurations
 - Level 8.3 Air Magic


You had 6 spell levels left.
You knew the following spells:

 Your Spells              Type           Power        Failure   Level  Hunger
a - Shock                 Conj/Air       ###.         1%          1    None
d - Airstrike             Air            ####......   4%          4    ####...
z - Swiftness             Chrm/Air       ###.....     4%          2    ##.....


Dungeon Overview and Level Annotations

Branches:
Dungeon (5/15)
 Temple: D:4-7

Altars:
Dithmenos
Gozag
Okawaru
Sif Muna

Annotations:
D:3 Nattefrost's ghost, amateur GnAM


Innate Abilities, Weirdness & Mutations

You have a beak for a mouth.
You have claws for feet.
You can fly.


Message History

There is an open door here.
Found a flail.
x - a scroll labeled CAARUO LASH {!r}
Found a stone staircase leading down.
c - 10 rations (gained 1)
You open the door. 2 slaves come into view.
The slave shouts!
Found a scroll labeled WUSANN SOUDOTUA.
There are monsters nearby!
There are monsters nearby!
An ice beast comes into view.
You swoop lightly up into the air.
You feel very comfortable in the air.
You are starving!
You eat one of the 10 rations.
That ration really hit the spot!
There is an open door here.
You see here a chain mail.
Casting: Shock (safe; 1% risk of failure)
Confirm with . or Enter, or press ? or * to list all spells.
Aiming: Shock (safe; 1% risk of failure)
Press: ? - help, Shift-Dir - straight line The zap hits the ice beast.
The ice beast is lightly wounded.
The zap hits the ice beast.
The ice beast is moderately wounded.
The ice beast hits you. The ice beast freezes you!
* * * LOW HITPOINT WARNING * * *
Casting: Shock (safe; 1% risk of failure)
Confirm with . or Enter, or press ? or * to list all spells.
Aiming: Shock (safe; 1% risk of failure)
Press: ? - help, Shift-Dir - straight line The zap hits the ice beast.
The ice beast is moderately wounded.
The zap misses the ice beast.
The ice beast barely misses you.
Casting: Shock (safe; 1% risk of failure)
Confirm with . or Enter, or press ? or * to list all spells.
Aiming: Shock (safe; 1% risk of failure)
Press: ? - help, Shift-Dir - straight line The zap hits the ice beast.
The ice beast is heavily wounded.
The zap misses the slave.
The zap hits the slave.
The slave is lightly wounded.
The zap misses the ice beast.
The ice beast hits you but does no damage.
Casting: Shock (safe; 1% risk of failure)
Confirm with . or Enter, or press ? or * to list all spells.
Aiming: Shock (safe; 1% risk of failure)
Press: ? - help, Shift-Dir - straight line The zap hits the ice beast.
The ice beast is severely wounded.
The zap hits the ice beast.
The ice beast is almost dead.
The ice beast completely misses you. The slave hits you.
* * * LOW HITPOINT WARNING * * *
Casting: Shock (safe; 1% risk of failure)
Confirm with . or Enter, or press ? or * to list all spells.
Aiming: Shock (safe; 1% risk of failure)
Press: ? - help, Shift-Dir - straight line The zap hits the ice beast.
The ice beast is almost dead.
The zap misses the ice beast.
The ice beast hits you.
* * * LOW HITPOINT WARNING * * *
The ice beast freezes you!
You die...

...........# ...........#
...........##
##+##########.....
#....#...........#.....
#....#...........#.....
#....#...........'....)
#....#...........#.....
#....#@....##....#.....
#(...#Yp...##...##.....
#....#.....##...####'##
#....'......'.........#
#....########.........#
###...p.......#.........#
#.....(.......#.........#
#...
#.............#.........#
#...
#.............#+#########


You could see an ice beast and a slave.

Vanquished Creatures
  An ice beast (D:5)
  The ghost of Pikaro the Charmwright, an amateur GnSk (D:4)
  An ogre (D:4)
  A worker ant (D:2)
  A hound zombie (D:5)
  A gnoll (D:2)
  An adder (D:4)
  An ooze (D:4)
  A worm (D:2)
  4 leopard geckos
  5 orcs (D:3)
  3 ball pythons
  2 giant cockroaches
  7 goblins
  9 hobgoblins
  7 jackals
  5 kobolds
  6 bats
  2 frilled lizards
  A leopard gecko skeleton (D:4)
  2 quokka skeletons (D:4)
  6 rats
68 creatures vanquished.

Notes
Turn   | Place    | Note
-------+----------+-------------------------------------------
     0 | D:1      | Amnesiac the Tengu Air Elementalist began the quest for the Orb.
     0 | D:1      | Reached XP level 1. HP: 10/10 MP: 4/4
   139 | D:1      | Reached XP level 2. HP: 9/15 MP: 0/6
   143 | D:1      | Learned a level 2 spell: Swiftness
   926 | D:2      | Reached skill level 5 in Air Magic
  1047 | D:2      | Reached XP level 3. HP: 19/19 MP: 4/7
  1394 | D:2      | Reached XP level 4. HP: 15/24 MP: 2/9
  1437 | D:2      | Learned a level 4 spell: Airstrike
  1476 | D:2      | Found a deep blue altar of Sif Muna.
  1782 | D:2      | Became a worshipper of Sif Muna the Loreminder
  1885 | D:3      | Reached skill level 6 in Air Magic
  2156 | D:3      | Noticed Nattefrost's ghost (amateur GnAM)
  2770 | D:3      | Found an iron altar of Okawaru.
  2773 | D:3      | Found a shadowy altar of Dithmenos.
  2776 | D:3      | Found an opulent altar of Gozag.
  2915 | D:4      | Gained mutation: You can fly. [Tengu growth]
  2915 | D:4      | Reached XP level 5. HP: 28/28 MP: 5/10
  2973 | D:4      | Noticed an ogre
  3008 | D:4      | Killed an ogre
  3008 | D:4      | Reached skill level 7 in Air Magic
  3123 | D:4      | Noticed Pikaro's ghost (amateur GnSk)
  3245 | D:4      | Killed Pikaro's ghost
  3245 | D:4      | Reached XP level 6. HP: 28/32 MP: 0/12
  3652 | D:5      | Entered Level 5 of the Dungeon
  3743 | D:5      | Noticed an ice beast
  3759 | D:5      | Killed an ice beast
  3759 | D:5      | Reached * piety under Sif Muna
  3759 | D:5      | Reached skill level 8 in Air Magic
  3808 | D:5      | Noticed a slave
  3808 | D:5      | Noticed a slave
  3809 | D:5      | Noticed an ice beast
  3839 | D:5      | Mangled by an ice beast

Vault maps used:
D:1:      dpeg_arrival_central
D:2:      marbit_many_paths, first_ration, cheibrodos_gnoll_hut
D:3:      minmay_wonky_spiral, grunt_temple_overflow_diamond
D:5:      kennysheep_mini_moat, basic_altar, uniq_duvessa, uniq_pikel

Skill      XL: |  1  2  3  4  5  6 |
---------------+-------------------+-----
Air Magic      | 5 6 7 8 |  8.3
Spellcasting   | 3 4 |  4.0
Dodging        | |  2.1
Stealth        | |  2.0
Conjurations   | |  1.3

Action                   |  1- 3 |  4- 6 || total
-------------------------+-------+-------++-------
Melee: Unarmed           |     6 |     6 ||    12
       Peck              |     1 |     1 ||     2
       Kick              |     1 |     1 ||     2
 Cast: Shock             |    61 |    95 ||   156
       Airstrike         |       |     6 ||     6
Invok: Divine Energy     |       |     1 ||     1
 Abil: Fly               |       |     1 ||     1
  Eat: Chunk             |     2 |     4 ||     6
       Ration            |       |     2 ||     2
Armor: Robe              |     1 |     7 ||     8
Dodge: Dodged            |     7 |    22 ||    29

Table legend:
 A = Spawn XP
 B = Non-spawn XP
 C = Spawn XP percentage of total XP
 D = Spawn monster count
 E = Non-spawn monster count
 F = Spawn count percentage of total count
 G = Total turns spent on level
                    A         B        C        D         E        F      G
               +---------+---------+-------+---------+---------+-------+---------
         Total |       0 |     564 |   0.0 |       0 |      68 |   0.0 |  3839
               +---------+---------+-------+---------+---------+-------+---------
           D:1 |       0 |      26 |   0.0 |       0 |      14 |   0.0 |   812
           D:2 |       0 |      80 |   0.0 |       0 |      19 |   0.0 |  1082
           D:3 |       0 |      50 |   0.0 |       0 |      25 |   0.0 |   980
           D:4 |       0 |     259 |   0.0 |       0 |       8 |   0.0 |   778
           D:5 |       0 |     149 |   0.0 |       0 |       2 |   0.0 |   187
               +---------+---------+-------+---------+---------+-------+---------
